Orko, chaotic female orcish Wizard ---------- -------- +........| |......| |........No######+!.....| .........|# |......| --.-+-----# |......| #### ##### |......| ## ( # |......| ## # ---.---- ### # # )# # ### # ### # ############### ### --+--.- # |.....| ##...<..| |.....| ------- Orko the Thaumaturge Experience level: 6 Strength: 12 Dexterity: 13 Constitution: 15 Intelligence: 16 Wisdom: 8 Charisma: 9 Health: 0(49) Energy: 1(48) Def: 6 Gold: 426 Moves: 3511 Dungeon seed: 5EXOJziPT9n9VItm Game ID: Orko_1571041868 Your Inventory: Rings C - a cursed ring of polymorph control (on left hand) Q - a cursed ring of polymorph Armor h - an uncursed +0 orcish helm (being worn) n - an uncursed fireproof +1 cloak of magic resistance (being worn) r - an uncursed +0 pair of gauntlets of power u - an uncursed +0 studded leather armor (being worn) Weapons a - an uncursed +0 elven dagger (weapon in hand) b - a blessed +1 quarterstaff (alternate weapon; not wielded) f - a cursed +1 axe named +1 #c q - 3 cursed +0 daggers named #c (in quiver) x - 8 uncursed +2 darts named +2 Wands j - a cursed wand of opening (0:1) H - an uncursed wand of secret door detection named i (0:11) I - an uncursed wand of locking named i (0:7) Potions m - a cursed potion of paralysis Comestibles M - an uncursed food ration N - 3 uncursed fortune cookies S - an uncursed carrot U - an uncursed lichen corpse X - 2 uncursed slices of pizza Gems e - an uncursed worthless piece of yellow glass named <# 4 12 y - an uncursed worthless piece of blue glass named <( 2 8 10 z - an uncursed worthless piece of black glass named <@ 2 9 A - 2 uncursed amber stones F - 2 uncursed amethyst stones J - an uncursed worthless piece of yellowish brown glass named <. 12^ T - an uncursed worthless piece of white glass Y - a cursed obsidian stone Coins $ - 426 gold pieces Spells and supernatural/magical abilities: Name Level Category Fail Memory a - force bolt 1 attack 0% 83% c - cause fear 3 enchantment 12% 83% B - cure blindness 2 healing 70% 86% M - magic mapping 5 divination 100% 91% W - pray for help -- divine ? -- Your skills at the end: Fighting Skills Weapon Skills dagger [Basic] quarterstaff [Basic] Spellcasting Skills attack spells [Basic] enchantment spells [Basic] Final Attributes: You were piously aligned. You were poison resistant. You were magic-protected. You were hallucinating. You had infravision. You had polymorph control. You were lucky. You are dead. Vanquished creatures: a ghost a large mimic a yeti a dust vortex 3 apes a rope golem 2 Woodland-elves a wood nymph a pony a shrieker a barrow wight a ghoul a giant ant a centipede a wererat a werejackal a gas spore a gnome zombie 3 geckos 7 jackals a goblin 5 grid bugs a bat 5 lichens 5 newts and a partridge in a pear tree 48 creatures vanquished. Voluntary challenges: You were an atheist. You used a wielded weapon 38 times, starting on turn 256. You read items or engraved 45 times, starting on turn 141. You never genocided any monsters. You never polymorphed an object. You changed form 5 times, starting on turn 2347. You used no wishes. You never split a pudding. You never wrote Elbereth's name. You never violated your personal moral code. You abstained from Elbereth's help. You werepermanently hallucinating. Dungeon overview: The Dungeons of Doom: levels 1 to 13 Level 1 a long staircase Level 2 Level 3 a general store Level 4 some fountains, a sink Level 5 Level 6 a fountain Level 7 a fountain Level 8 Level 9 a general store Level 10 a fountain Level 11 a fountain Level 12 a fountain, a sink portal to The Quest Level 13 <- You were here The Quest: Level 1 portal to The Dungeons of Doom History has recorded: On T:1 you entered the Dungeons of Doom to retrieve the Amulet of Yendor! On T:219 you reached level 2 of The Dungeons of Doom. On T:323 you reached level 3 of The Dungeons of Doom. On T:391 you advanced to experience level 2. On T:604 you advanced to experience level 3. On T:740 you reached level 4 of The Dungeons of Doom. On T:926 you reached level 5 of The Dungeons of Doom. On T:952 you advanced to experience level 4. On T:1184 you reached level 7 of The Dungeons of Doom. On T:1375 you reached level 8 of The Dungeons of Doom. On T:1687 you reached level 9 of The Dungeons of Doom. On T:1829 you advanced to experience level 5. On T:2182 you reached level 10 of The Dungeons of Doom. On T:2432 you advanced to experience level 6. On T:2675 you reached level 11 of The Dungeons of Doom. On T:3122 you reached level 12 of The Dungeons of Doom. On T:3284 you reached level 1 of The Quest. On T:3312 you reached level 13 of The Dungeons of Doom. Score breakdown: Gold: 426 ( 8947 points) Experience: 6 levels (12456 points) Exploration: 13 levels ( 27.08%) (15158 points) Discoveries: 14 items ( 5.07%) ( 6756 points) Valuables value: (no points given unless you survive) Artifact value: 0 ( 0 points) Variety of kills: 25 monsters ( 6.56%) ( 7684 points) Turncount: 3511 turns ( -832 points) Survival: died (score multiplied by 80%) Total score: 40135 Latest messages: The samurai rabbit stings! The succubus bites! You are now more skilled in dagger. The balrog misses. The fire giant stings! The quivering blob bites! The pit viper stings! The boomer bites! You miss it. The fire giant bites! The jaguar bites! The spell hits it. You kill the long worm! The spell misses it. The giant rat stings! You miss it. The mastodon stings! The doppelganger stings! You miss it. The ogre lord stings! You die... Final status: Goodbye Orko the Wizard, killed by a hallucinogen-distorted killer bee... You died in The Dungeons of Doom on dungeon level 13 with 40135 points, and 426 pieces of gold, after 3511 moves. You were level 6 with a maximum of 49 hit points when you died.